 Dungeon Crawl Stone Soup version 0.22-a0 (webtiles) character file.

89 KarmaPolice the Sneak (level 4, 0/31 HPs)
             Began as a Halfling Assassin on Dec 31, 2017.
             Slain by Natasha (6 damage)
             ... on level 3 of the Dungeon.
             The game lasted 00:03:16 (1381 turns).

KarmaPolice the Sneak (Halfling Assassin)           Turns: 1381, Time: 00:03:17

Health: 0/31       AC:  4    Str: 13    XL:     4   Next: 84%
Magic:  4/4        EV: 14    Int:  9    God:
Gold:   131        SH:  0    Dex: 15    Spells: 3/3 levels left

rFire    . . .     SeeInvis .   a - +2 dagger
rCold    . . .     Gourm    .   (shield restricted)
rNeg     . . .     Faith    .   c - +0 robe
rPois    .         Spirit   .   (no helmet)
rElec    .         Reflect  .   d - +0 cloak
rCorr    .         Harm     .   (no gloves)
MR       .....                  i - +0 pair of boots
Stlth    +++.......             (no amulet)
HPRegen  0.10/turn              (no ring)
MPRegen  0.09/turn              (no ring)

@: no status effects
A: small, mutation resistance 1
a: no special abilities


You were on level 3 of the Dungeon.
You were hungry.

You visited 1 branch of the dungeon, and saw 3 of its levels.

You collected 131 gold pieces.

Inventory:

Hand Weapons
 a - a +2 dagger (weapon)
 b - a +0 blowgun
Missiles
 e - 5 poisoned needles
 f - 2 curare-tipped needles
Armour
 c - a +0 robe (worn)
 d - a +0 cloak (worn)
 h - a scarf of repulsion
 i - a +0 pair of boots (worn)
Jewellery
 w - a +2 ring of dexterity {unknown}
Scrolls
 j - 4 scrolls of identify {unknown}
 k - 3 scrolls of remove curse {unknown}
 l - 2 scrolls of teleportation {unknown}
 n - a scroll of noise {unknown}
 r - 2 scrolls of magic mapping {unknown}
 u - a scroll of immolation {unknown}
Potions
 m - a potion of curing {unknown}
 o - 3 potions of flight {unknown}
 p - a potion of resistance {unknown}
 q - a potion of agility {unknown}
 s - a potion of magic {unknown}
 t - a potion of haste {unknown}
 v - a potion of might {unknown}
Comestibles
 g - 6 rations


   Skills:
 + Level 3.2 Fighting
 + Level 4.3 Short Blades
 - Level 2.0 Throwing
 - Level 1.1 Dodging
 - Level 4.3 Stealth


You had 3 spell levels left.
You didn't know any spells.

Dungeon Overview and Level Annotations

Branches:
Dungeon (3/15)

Altars:

Annotations:
D:3 Natasha, Terence


Innate Abilities, Weirdness & Mutations

You are small and have problems with some larger weapons.
You are somewhat resistant to further mutation.


Message History

You hit Natasha but do no damage.
Natasha is moderately wounded.
You are feeling hungry.
Natasha misses you.
You hit Natasha.
Natasha is moderately wounded.
Natasha claws you!
You hit Natasha.
Natasha is heavily wounded.
Natasha claws you.
You closely miss Natasha.
Natasha is heavily wounded.
Natasha claws you.
* * * LOW HITPOINT WARNING * * *
You hit Natasha.
Natasha is severely wounded.
You completely miss Natasha.
Natasha is severely wounded.
Natasha claws you.
You die...

######...####...
##.## #.# #.# #.#
#.# #.# #.# #.#
#.# ##.## #@#
###...#### #h#
#........# #.####
#.#...##.#.
#....###.##.###.#.
###.#.............
##.###.##.###)##
### #.##.# #.#
#.##.###.#
#........#


You could see Natasha.

Vanquished Creatures
  Natasha (twice) (D:3)
  An ooze (D:2)
  A worm (D:3)
  2 dart slugs
  A leopard gecko (D:2)
  A bat (D:2)
  2 giant cockroaches
  5 goblins
  A hobgoblin (D:3)
  2 jackals (D:3)
  5 frilled lizards (D:2)
  7 kobolds
  2 rats
32 creatures vanquished.

Notes
Turn   | Place    | Note
-------+----------+-------------------------------------------
     0 | D:1      | KarmaPolice the Halfling Assassin began the quest for the Orb.
     0 | D:1      | Reached XP level 1. HP: 14/14 MP: 1/1
   145 | D:1      | Reached XP level 2. HP: 17/19 MP: 2/2
   436 | D:2      | Reached XP level 3. HP: 25/25 MP: 3/3
  1088 | D:3      | Noticed Natasha
  1090 | D:3      | Killed Natasha
  1090 | D:3      | Reached XP level 4. HP: 31/31 MP: 4/4
  1189 | D:3      | Noticed Natasha
  1203 | D:3      | HP: 1/31 [Natasha (2)]
  1206 | D:3      | Killed Natasha
  1311 | D:3      | Noticed Terence
  1371 | D:3      | Noticed Natasha
  1381 | D:3      | Slain by Natasha

Vault maps used:
D:1:      saegor_arrival_simple_b
D:2:      grunt_ministairs_8
D:3:      nicolae_overflow_hidden_temple, minmay_misc_feat_tower, uniq_natasha,
          uniq_sigmund, uniq_terence

Skill      XL: |  1  2  3 |
---------------+----------+-----
Fighting       | 2 3 |  3.2
Short Blades   | 3 4 |  4.3
Throwing       | |  2.0
Dodging        | |  1.1
Stealth        | |  4.3

Action                   |  1- 3 |  4- 6 || total
-------------------------+-------+-------++-------
Melee: Dagger            |    88 |    27 ||   115
 Fire: Blowgun           |       |     6 ||     6
 Stab: Sleeping          |     7 |     1 ||     8
  Eat: Chunk             |       |     1 ||     1
Armor: Robe              |    17 |     2 ||    19
Dodge: Dodged            |    42 |    16 ||    58

Table legend:
 A = Spawn XP
 B = Non-spawn XP
 C = Spawn XP percentage of total XP
 D = Spawn monster count
 E = Non-spawn monster count
 F = Spawn count percentage of total count
 G = Total turns spent on level
                    A         B        C        D         E        F      G
               +---------+---------+-------+---------+---------+-------+---------
         Total |       0 |     128 |   0.0 |       0 |      32 |   0.0 |  1381
               +---------+---------+-------+---------+---------+-------+---------
           D:1 |       0 |      16 |   0.0 |       0 |       9 |   0.0 |   323
           D:2 |       0 |      25 |   0.0 |       0 |      13 |   0.0 |   624
           D:3 |       0 |      87 |   0.0 |       0 |      10 |   0.0 |   434
               +---------+---------+-------+---------+---------+-------+---------
